 Dungeon Crawl Stone Soup version 0.26.1-2-gb8aa6d0cf2 (webtiles) character file.

Game seed: 13907564738749653372

59 pascalblue the Digger (level 3, -6/19 HPs)
             Began as a Deep Elf Earth Elementalist on Mar 15, 2021.
             Mangled by Crazy Yiuf
             ... wielding a +2 quarterstaff of chaos
              (16 damage)
             ... on level 2 of the Dungeon.
             The game lasted 00:04:58 (1565 turns).

pascalblue the Digger (Deep Elf Earth Elementalist) Turns: 1565, Time: 00:04:59

Health: -6/19      AC:  4    Str:  5    XL:     3   Next: 78%
Magic:  7/10       EV: 13    Int: 20    God:
Gold:   111        SH:  0    Dex: 15    Spells: 5/9 levels left

rFire    . . .     SeeInvis .   i - +0 short sword (curse)
rCold    + . .     Faith    .   (no shield)
rNeg     . . .     Spirit   .   c - +0 robe
rPois    .         Reflect  .   o - +0 helmet
rElec    .         Harm     .   (no cloak)
rCorr    .         Rampage  .   f - +0 pair of gloves
Will     .....                  (no boots)
Stlth    ++........             (no amulet)
HPRegen  0.06/turn              e - ring of protection from cold (curse)
MPRegen  0.12/turn              (no ring)

@: lethally poisoned (-6 -> -17)
A: no striking features
a: no special abilities


You were on level 2 of the Dungeon.
You visited 1 branch of the dungeon, and saw 2 of its levels.

You collected 111 gold pieces.

Inventory:

Hand Weapons
 h - a cursed -3 club
 i - a cursed +0 short sword (weapon)
 l - a +2 spear of flaming
 m - a +1 dagger of venom
Missiles
 b - 126 stones
 d - 3 curare-tipped darts
 k - 4 boomerangs
Armour
 c - a +0 robe (worn)
 f - a +0 pair of gloves (worn)
 o - a +0 helmet (worn)
Jewellery
 e - a cursed ring of protection from cold (left hand)
Scrolls
 a - a scroll of identify
 j - a scroll of blinking
 n - a scroll of teleportation
Potions
 g - 2 potions of lignification


   Skills:
 - Level 3.0 Dodging
 - Level 3.0 Stealth
 + Level 3.5 Spellcasting
 + Level 0.6 Conjurations
 + Level 1.9 Transmutations
 * Level 4.0 Earth Magic


You had 5 spell levels left.
You knew the following spells:

 Your Spells              Type           Power        Failure   Level
a - Sandblast             Erth           38%          2%          1
b - Stone Arrow           Conj/Erth      24%          16%         3

Your spell library contained the following spells:

 Spells                   Type           Power        Failure   Level
 Passwall                 Tmut/Erth      12%          6%          2
 Petrify                  Tmut/Erth      15%          36%         4
 Lee's Rapid Deconstruct  Erth           9%           56%         5


Dungeon Overview and Level Annotations

Branches:
Dungeon (2/15)

Altars:

Annotations:
D:2 Crazy Yiuf


Message History

You are lethally poisoned!
Casting: Sandblast (safe; 2% risk of failure)
Confirm with . or Enter, or press ? or * to list all spells.
Aiming: Sandblast (safe; 2% risk of failure)
Press: ? - help, Shift-Dir - straight line, f/p - Crazy Yiuf
Aim: Crazy Yiuf, wielding a +2 quarterstaff of chaos and wearing a +0 cloak (heavily wounded, 18% to evade)
The blast of sand hits Crazy Yiuf.
Crazy Yiuf is severely wounded.
You feel sick. Crazy Yiuf barely misses you.
Casting: Sandblast (safe; 2% risk of failure)
Confirm with . or Enter, or press ? or * to list all spells.
Aiming: Sandblast (safe; 2% risk of failure)
Press: ? - help, Shift-Dir - straight line, f/p - Crazy Yiuf
Aim: Crazy Yiuf, wielding a +2 quarterstaff of chaos and wearing a +0 cloak (severely wounded, 18% to evade)
The blast of sand hits Crazy Yiuf.
Crazy Yiuf is almost dead.
You feel sick.
Crazy Yiuf hits you with a +2 quarterstaff of chaos!
Ouch! That really hurt!
You die...

*,***,,,**,**,*
#.##...... *,*
***********
#.##.##### *,***
#.##.#.#.# *,,,*
##### #.##.##.#.
***** #)..#
#.##.#.#.. #...#
#.##.##..# *...*
#....#..## *#g#*
####...†##. ♣@♣♣
#.....#..## ♣♣.♣
#.###.##..# ♣.♣♣
#.# #.#.#.. ♣♣.♣
#># #.##.#. ♣♣.♣♣
##.#####.#.# ♣♣...♣
#(...# ##### ♣....♣
####.######. #....#
#........
#....######.######.


You could see Crazy Yiuf.

Vanquished Creatures
  A gnoll (D:2)
  2 adders (D:2)
  A dart slug (D:1)
  2 bats
  A giant cockroach (D:2)
  3 goblins (D:1)
  4 hobgoblins (D:1)
  2 jackals (D:2)
  3 kobolds
  2 ball pythons (D:2)
  2 frilled lizards
  7 rats
30 creatures vanquished.

Notes
Turn   | Place    | Note
-------+----------+-------------------------------------------
     0 | D:1      | pascalblue the Deep Elf Earth Elementalist began the quest
                  | for the Orb.
     0 | D:1      | Reached XP level 1. HP: 10/10 MP: 6/6
   336 | D:1      | Reached XP level 2. HP: 15/15 MP: 6/8
   804 | D:2      | Reached XP level 3. HP: 14/19 MP: 7/9
   811 | D:2      | Learned a level 3 spell: Stone Arrow
  1504 | D:2      | Reached skill level 4 in Earth Magic
  1558 | D:2      | Found a runed translucent door.
  1559 | D:2      | Noticed Crazy Yiuf
  1565 | D:2      | Mangled by Crazy Yiuf

Illustrated notes

Levels and vault maps discovered:
D:1:      minmay_arrival_stone_box, layout_basic
D:2:      minmay_diamond_boxcup, layout_loops_ring, old_standard_altar,
          cheibrodos_gnoll_hut, uniq_crazy_yiuf_cottage

Skill      XL: |  1  2  3 |
---------------+----------+-----
Dodging        | 3 |  3.0
Stealth        | 3 |  3.0
Earth Magic    | 4 |  4.0
Spellcasting   | |  3.5
Conjurations   | |  0.6
Transmutations | |  1.9

Action                   || total
-------------------------++-------
Melee: Unarmed           ||     2
       Short sword       ||    35
 Cast: Sandblast         ||    23
  Use: Scroll            ||     4
 Stab: Sleeping          ||     7
Armor: Robe              ||     2
Dodge: Dodged            ||    35
